 Dungeon Crawl Stone Soup version 0.15.0-11-g6f4f891 (webtiles) character file.

4883 PotatoesMaster the Grappler (level 10, 0/102 HPs)
             Began as a Troll Monk on Aug 31, 2014.
             Was a Priest of Qazlal.
             Slain by a ten-headed hydra (14 damage)
             ... on Level 1 of the Lair of Beasts.
             The game lasted 00:50:17 (6856 turns).

PotatoesMaster the Grappler (Troll Monk)            Turns: 6856, Time: 00:50:19

HP   0/102       AC  8     Str 24      XL: 10   Next: 26%
MP   6/6         EV 13     Int  6      God: Qazlal [***...]
Gold 426         SH  4     Dex 12      Spells:  0 memorised,  9 levels left

rFire  . . .     SeeInvis .       - Unarmed
rCold  + . .     Clarity  .     a - +1 robe
rNeg   . . .     rCorr    .     (shield restricted)
rPois  +         rRot     .     (helmet restricted)
rElec  .         Spirit   .     q - +1 cloak
SustAb .         Warding  .     (gloves unavailable)
rMut   .         Stasis   .     (boots unavailable)
Gourm  +                        (no amulet)
MR     .....                    (no ring)
                                n - ring of protection from cold

@: not resistant to hostile enchantments, very unstealthy
A: unfitting armour, claws 3, horns 1, fast metabolism 3, gourmand, poison
resistance, regeneration 2, saprovore 2, shaggy fur 1, tough skin 2
a: Upheaval, Elemental Force, Renounce Religion


You were on level 1 of the Lair of Beasts.
You worshipped Qazlal.
Qazlal was most pleased with you.
You were completely stuffed.

You visited 3 branches of the dungeon, and saw 10 of its levels.

You collected 426 gold pieces.

Inventory:

Missiles
 c - 8 javelins (quivered)
 i - 16 stones
 p - 3 steel javelins
 s - 2 throwing nets
 y - 2 tomahawks
Armour
 a - a +1 robe (worn)
 q - a +1 cloak (worn)
Magical devices
 h - a wand of random effects (10)
 m - a wand of fire (4)
 u - a wand of magic darts (20)
 x - a wand of flame (11)
Comestibles
 b - 5 meat rations
 f - 6 bread rations
 l - 2 beef jerkies
 o - 2 fruits
 r - 2 slices of pizza
 v - 2 chunks of water moccasin flesh
 z - 2 chunks of crocodile flesh
 B - 2 chunks of water moccasin flesh
Scrolls
 e - 4 scrolls of identify
 k - 10 scrolls of remove curse
 t - 3 scrolls of magic mapping
 A - 5 scrolls of teleportation
Jewellery
 n - a ring of protection from cold (left claw)
Potions
 d - a potion of resistance
 g - 2 potions of restore abilities
Books
 j - a book of Air

   Spells                             Type                      Level
   Shock                              Conjuration/Air              1
   Swiftness                          Charms/Air                   2
   Repel Missiles                     Charms/Air                   2
   Flight                             Charms/Air                   3
   Static Discharge                   Conjuration/Air              3
   Lightning Bolt                     Conjuration/Air              5
 F - a book of Unlife

   Spells                             Type                      Level
   Recall                             Summoning/Translocation      3
   Animate Dead                       Necromancy                   4
   Control Undead                     Necromancy                   4
   Twisted Resurrection               Necromancy                   5
   Death Channel                      Necromancy                   6
   Simulacrum                         Ice/Necromancy               6
Magical staves
 w - an uncursed staff of wizardry {unknown}


   Skills:
 + Level 7.2 Fighting
 + Level 7.9 Dodging
 - Level 1.1 Stealth
 + Level 9.9 Unarmed Combat
 + Level 1.3 Evocations


You had 9 spell levels left.
You didn't know any spells.

Dungeon Overview and Level Annotations

Branches:
Dungeon (8/15)             Temple (1/1) D:7            Lair (1/8) D:8

Altars:
Ashenzari
Cheibriados
Dithmenos
Elyvilon
Fedhas
Kikubaaqudgha
Makhleb
Nemelex Xobeh
Okawaru
Qazlal
Sif Muna
Trog
Vehumet
Xom
Yredelemnul
Zin
The Shining One


Innate Abilities, Weirdness & Mutations

You are too large for most types of armour.
You have claws for hands.
Your metabolism is lightning-fast.
You like to eat raw meat.
You heal very quickly.
You can eat rotten meat.
You are covered in fur (AC +1).
You have very tough skin (AC +2).
You have a pair of small horns on your head.
Your system is resistant to poisons.


Message History

The nine-headed hydra closely misses you.
The nine-headed hydra bites you!
A quokka comes into view.
You rip one of the nine-headed hydra's heads off!
The eight-headed hydra grows two more!
You mangle the ten-headed hydra!! You headbutt the ten-headed hydra.
The ten-headed hydra is moderately wounded.
The quokka moves out of view.
The ten-headed hydra bites you!
The ten-headed hydra bites you but does no damage.
You block the ten-headed hydra's attack.
The ten-headed hydra bites you!
* * * LOW HITPOINT WARNING * * *
The ten-headed hydra bites you!
* * * LOW HITPOINT WARNING * * *
The ten-headed hydra barely misses you. The ten-headed hydra bites you.
* * * LOW HITPOINT WARNING * * *
You block the ten-headed hydra's attack.
The ten-headed hydra closely misses you.
The ten-headed hydra bites you!
You die...

#.##..# #.##P.#
P.###.## . ##.# #..# .#
#.# #..# #.#
###.###.####### ...##
#.............##.... .
#.#.....#.#.#.#D.#.....
#####.......@........
#.###..ยง###......
##..###..## ...
#..###P...# .
##.......##
#####.#.####.#
###......# ########


You could see a ten-headed hydra (bleeding).

Vanquished Creatures
  Joseph (D:7)
  A komodo dragon (Lair:1)
  Eustachio (D:5)
  A hippogriff (Lair:1)
  A hungry ghost (D:8)
  A sky beast (D:8)
  3 water moccasins
  2 phantoms
  4 centaurs
  2 crocodiles (Lair:1)
  6 ogres
  Sigmund (D:5)
  Blork the orc (D:7)
  4 giant frogs
  A scorpion (D:4)
  5 killer bees (D:8)
  9 wights (D:7)
  A jelly (D:7)
  2 goliath beetles (D:6)
  A centaur zombie (D:8)
  An elf zombie (D:8)
  6 hounds
  A crimson imp (D:5)
  3 orc priests
  11 orc wizards
  4 worker ants
  4 iguanas
  A crocodile skeleton (D:8)
  9 adders
  7 gnolls (D:5)
  2 shadow imps
  An inept feature mimic (D:4)
  2 giant mites
  4 giant geckos
  An ooze (D:3)
  36 orcs
  11 bats
  17 hobgoblins
  6 jackals
  12 kobolds
  3 ball pythons
  6 giant cockroaches
  8 giant newts
  6 goblins
  A hobgoblin skeleton (D:5)
  A hobgoblin zombie (D:8)
  A kobold skeleton (D:4)
  3 quokkas
  A quokka zombie (D:7)
  9 rats
  3 ballistomycetes (D:7)
229 creatures vanquished.

Vanquished Creatures (others)
  A giant spore (D:7)
1 creature vanquished.

Grand Total: 230 creatures vanquished

Notes
Turn   | Place    | Note
--------------------------------------------------------------
     0 | D:1      | PotatoesMaster, the Troll Monk, began the quest for the Orb.
     0 | D:1      | Reached XP level 1. HP: 22/22 MP: 1/1
   171 | D:1      | Reached XP level 2. HP: 29/29 MP: 1/1
   702 | D:2      | Reached XP level 3. HP: 29/36 MP: 2/2
  1244 | D:3      | Gained mutation: Your system is resistant to poisons. [potion of mutation]
  1244 | D:3      | Gained mutation: You have a pair of small horns on your head. [potion of mutation]
  1334 | D:3      | Reached skill level 5 in Unarmed Combat
  1334 | D:3      | Reached XP level 4. HP: 43/45 MP: 2/2
  1463 | D:3      | Reached XP level 5. HP: 47/53 MP: 2/2
  2081 | D:4      | Reached XP level 6. HP: 35/61 MP: 3/3
  2280 | D:4      | Found a staircase to the Ecumenical Temple.
  2285 | D:4      | the staircase to the Ecumenical Temple was a mimic.
  2407 | D:4      | Reached skill level 6 in Unarmed Combat
  2805 | D:5      | Entered Level 5 of the Dungeon
  2851 | D:5      | Noticed a water moccasin
  2858 | D:5      | Killed a water moccasin
  2858 | D:5      | Reached XP level 7. HP: 53/70 MP: 3/3
  3431 | D:5      | Noticed Eustachio
  3494 | D:5      | Killed Eustachio
  3494 | D:5      | Reached skill level 7 in Unarmed Combat
  3576 | D:5      | Reached skill level 5 in Dodging
  3576 | D:5      | Reached XP level 8. HP: 79/79 MP: 3/3
  3594 | D:5      | Noticed Sigmund
  3601 | D:5      | Killed Sigmund
  3994 | D:6      | Reached skill level 5 in Fighting
  4410 | D:7      | Noticed Blork the orc
  4420 | D:7      | Killed Blork the orc
  4420 | D:7      | Reached skill level 8 in Unarmed Combat
  4921 | D:7      | Found a staircase to the Ecumenical Temple.
  4927 | Temple   | Entered the Ecumenical Temple
  5028 | Temple   | Became a worshipper of Qazlal Stormbringer
  5028 | Temple   | Acquired Qazlal's first power
  5028 | Temple   | Acquired Qazlal's second power
  5054 | D:7      | Reached XP level 9. HP: 88/88 MP: 4/4
  5529 | D:7      | Noticed Joseph
  5539 | D:7      | Killed Joseph
  5699 | D:7      | Reached skill level 9 in Unarmed Combat
  6358 | D:8      | Acquired Qazlal's third power
  6556 | D:8      | Reached skill level 1 in Evocations
  6556 | D:8      | Reached XP level 10. HP: 100/100 MP: 5/5
  6694 | D:8      | Found a staircase to the Lair.
  6704 | Lair:1   | Entered Level 1 of the Lair of Beasts
  6854 | Lair:1   | Noticed an eight-headed hydra
  6856 | Lair:1   | Slain by a ten-headed hydra

Action                   |  1- 3 |  4- 6 |  7- 9 | 10-12 || total
-------------------------+-------+-------+-------+-------++-------
Melee: Unarmed           |   128 |   126 |   376 |    43 ||   673
Throw: Javelin           |       |       |       |     1 ||     1
Evoke: Wand              |       |       |     6 |       ||     6
  Use: Scroll            |     8 |     2 |     3 |       ||    13
       Potion            |     3 |     3 |     3 |       ||     9
 Stab: Sleeping          |     1 |       |       |       ||     1
  Eat: Chunk             |    18 |    14 |    34 |     5 ||    71
